 Dungeon Crawl Stone Soup version 0.30-a0-737-gf23d94013f (webtiles) character file.

Game seed: 1842620589047195130

612 Leeroy the Sneak (level 7, -7/34 HPs)
             Began as a Vine Stalker Warper on Feb 2, 2023.
             Killed from afar by a white imp (10 damage)
             ... with a puff of frost
             ... on level 5 of the Dungeon.
             The game lasted 00:11:01 (4640 turns).

Leeroy the Sneak (Vine Stalker Warper)              Turns: 4640, Time: 00:11:02

Health: -7/34      AC:  4    Str: 14    XL:     7   Next: 44%
Magic:  0/15       EV: 11    Int: 13    God:
Gold:   302        SH:  0    Dex: 15    Spells: 7/16 levels left

rFire   . . .      SeeInvis .    v - +2 dagger (drain)
rCold   . . .      Faith    .    (no shield)
rNeg    . . .      Spirit   +    b - +0 leather armour
rPois   .          Reflect  .    (no helmet)
rElec   .          Harm     .    (no cloak)
rCorr   .          Rampage  .    s - +0 pair of gloves
Will    .....                    (no boots)
Stlth   +++                      (no amulet)
HPRegen 1.05/turn                (no ring)
MPRegen 0.14/turn                (no ring)

@: no status effects
A: fangs 2, regeneration 1, magic shield, antimagic bite, no potion heal 2
a: no special abilities


You were on level 5 of the Dungeon.
You visited 1 branch of the dungeon, and saw 5 of its levels.

You collected 342 gold pieces.
You spent 40 gold pieces at shops.

Inventory:

Hand Weapons
 a - a +0 falchion
 l - a +0 dagger
 v - a +2 dagger of draining (weapon)
 y - a +0 scimitar
 B - a +1 whip of electrocution
Missiles
 d - 7 boomerangs of dispersal
 f - a poisoned dart (quivered)
 A - 4 silver javelins
Armour
 b - a +0 leather armour (worn)
 s - a +0 pair of gloves (worn)
 z - a +0 buckler
Jewellery
 w - a ring of flight
Wands
 c - a wand of polymorph (6)
Scrolls
 i - 3 scrolls of identify {unknown}
 k - 2 scrolls of fear {unknown}
 m - 3 scrolls of amnesia
 n - 3 scrolls of enchant weapon
 r - a scroll of brand weapon {unknown}
 t - 3 scrolls of teleportation {unknown}
 u - a scroll of poison {unknown}
 x - a scroll of fog {unknown}
Potions
 e - a potion of flight {unknown}
 g - 4 potions of curing
 h - 2 potions of haste {unknown}
 j - 6 potions of magic {unknown}
 o - 2 potions of ambrosia {unknown}
 p - 5 potions of lignification {unknown}
 q - 2 potions of heal wounds {unknown}
 C - a potion of invisibility {unknown}


   Skills:
 - Level 1.7 Fighting
 + Level 3.7 Long Blades
 - Level 0.8 Throwing
 - Level 0.7 Armour
 - Level 1.5 Dodging
 - Level 6.4 Stealth
 - Level 5.0 Spellcasting
 - Level 3.0 Translocations


You had 7 spell levels left.
You knew the following spells:

 Your Spells              Type           Power      Damage    Failure   Level
a - Blink                 Tloc           22%        N/A       11%         2
b - Vhi's Electric Charg  Tloc/Air       14%        N/A       36%         3
c - Manifold Assault      Tloc           11%        N/A       56%         4

Your spell library contained the following spells:

 Spells                   Type           Power      Damage    Failure   Level
 Lesser Beckoning         Tloc           22%        N/A       11%         2
 Teleport Other           Tloc           11%        N/A       21%         3
 Beastly Appendage        Tmut           6%         N/A       24%         1
 Freeze                   Ice            12%        1d3       24%         1
 Sandblast                Erth           6%         2d5       24%         1
 Cigotuvi's Dreadful Rot  Necr/Pois/Air  6%         N/A       34%         2
 Poisonous Vapours        Pois/Air       6%         N/A       34%         2
 Wereblood                Tmut           3%         N/A       34%         2
 Frozen Ramparts          Ice            6%         1d1       56%         3
 Hailstorm                Conj/Ice       3%         3d3       56%         3
 Mephitic Cloud           Conj/Pois/Air  3%         N/A       56%         3
 Spider Form              Tmut/Pois      3%         N/A       56%         3
 Animate Armour           Summ/Erth      6%         N/A       93%         4
 Leda's Liquefaction      Hex/Erth       1%         N/A       93%         4
 Olgreb's Toxic Radiance  Pois           3%         N/A       93%         4
 Ozocubu's Refrigeration  Ice            1%         4d7       100%        7
 Ignition                 Fire           1%         3d3       100%        8
 Lehudib's Crystal Spear  Conj/Erth      1%         10d2      100%        8


Dungeon Overview and Level Annotations

Branches:
Dungeon (5/15)
 Temple: D:4-7

Altars:
Dithmenos
Fedhas

Shops:
D:4 (

Annotations:
D:3 bmj180's ghost, amateur GrEE
D:4 3 runed translucent doors, mopl's ghost, amateur VSBr


Innate Abilities, Weirdness & Mutations

You have extremely sharp teeth.
Your natural rate of healing is unusually fast.
When hurt, damage is shared between your health and your magic reserves.
Your bite disrupts and absorbs the magic of your enemies.
Potions cannot restore your health.


Message History

You hit the white imp but do no damage. The white imp hits you.
The white imp freezes you.
You hit the white imp but do no damage. The white imp hits you.
The white imp freezes you.
* * * LOW HITPOINT WARNING * * *
You hit the white imp.
The white imp is moderately wounded.
The white imp closely misses you.
You hit the white imp.
You bite the white imp, but do no damage.
The white imp is heavily wounded.
The white imp hits you but does no damage.
You hit the white imp but do no damage.
The white imp is heavily wounded.
You hit the white imp but do no damage.
The white imp is heavily wounded.
The white imp hits you. The white imp freezes you.
* * * LOW HITPOINT WARNING * * *
You hit the white imp but do no damage.
The white imp is heavily wounded.
The white imp hits you but does no damage.
You closely miss the white imp.
The white imp is heavily wounded.
The white imp gestures at you. The puff of frost hits you!
* * * LOW HITPOINT WARNING * * *
Okay, then.
As you read the scroll labelled HEVEAR SUARESI, it crumbles to dust.
It is a scroll of amnesia.
Really abort (and waste the scroll)?
Okay, then.
The gnoll seems less drained.
The white imp hits you.
* * * LOW HITPOINT WARNING * * *
The white imp freezes you.
* * * LOW HITPOINT WARNING * * *
You hit the white imp.
The white imp is severely wounded.
The white imp gestures at you. The puff of frost hits you!
You die...

### .. .. .## ... .#
#.# .# #†# ..# #@# ..#
#5#...#
#.############g#...#.#
y.........y..yg.......
..############.#...#.#
#.#...# #.# [.# #(#
..# #.# ##


You could see a killer bee, 2 gnolls and a white imp.

Vanquished Creatures
  A black bear (D:4)
  A scorpion (D:3)
  A jelly (D:4)
  Ijyb (D:3)
  Natasha (thrice) (D:3)
  3 iguanas
  Terence (D:3)
  2 gnolls (D:5)
  10 adders
  2 worms (D:2)
  2 dart slugs
  3 orcs
  5 ball pythons
  11 endoplasms
  4 giant cockroaches
  5 goblins
  10 hobgoblins
  4 jackals (D:4)
  5 quokkas
  9 bats
  5 frilled lizards
  11 kobolds
  9 rats
108 creatures vanquished.

Notes
Turn   | Place    | Note
-------+----------+-------------------------------------------
     0 | D:1      | Leeroy the Vine Stalker Warper began the quest for the Orb.
     0 | D:1      | Reached XP level 1. HP: 11/11 MP: 4/4
    90 | D:1      | Reached skill level 1 in Stealth
   210 | D:1      | Reached skill level 2 in Stealth
   210 | D:1      | Reached XP level 2. HP: 15/15 MP: 6/6
   242 | D:1      | Learned a level 2 spell: Blink
   308 | D:1      | Reached skill level 3 in Stealth
   510 | D:1      | Reached XP level 3. HP: 18/18 MP: 7/7
   933 | D:2      | Reached skill level 4 in Stealth
  1066 | D:2      | You fall into a shaft and drop 1 floor!
  1255 | D:3      | Noticed Ijyb
  1423 | D:2      | Gained mutation: Your natural rate of healing is unusually
                  | fast. [Vine Stalker growth]
  1423 | D:2      | Reached XP level 4. HP: 22/23 MP: 6/8
  1634 | D:2      | Reached skill level 5 in Stealth
  2323 | D:3      | Noticed Natasha
  2335 | D:3      | Killed Natasha
  2336 | D:3      | Reached skill level 6 in Stealth
  2336 | D:3      | Reached XP level 5. HP: 23/26 MP: 9/9
  2340 | D:3      | Noticed Terence
  2344 | D:3      | Killed Terence
  2575 | D:3      | Reached XP level 6. HP: 30/30 MP: 9/12
  2590 | D:3      | Learned a level 3 spell: Vhi's Electric Charge
  2595 | D:3      | Learned a level 4 spell: Manifold Assault
  2680 | D:3      | Got Xof Didoceyll's Omnibus of the Cwm
  2740 | D:3      | Found a runed translucent door.
  2757 | D:3      | Noticed bmj180's ghost (amateur GrEE)
  2935 | D:3      | Noticed Natasha
  2942 | D:3      | Killed Natasha
  3166 | D:3      | Killed Ijyb
  3174 | D:4      | Found Lausu's Weapon Shop.
  3214 | D:4      | Bought a +0 scimitar for 40 gold pieces
  3378 | D:4      | Found a runed translucent gate.
  3378 | D:4      | Found a runed translucent gate.
  3378 | D:4      | Found a runed translucent gate.
  3387 | D:4      | Noticed mopl's ghost (amateur VSBr)
  3429 | D:4      | Noticed a two-headed ogre
  3534 | D:3      | Noticed Natasha
  3551 | D:3      | Killed Natasha
  3552 | D:3      | Reached skill level 5 in Spellcasting
  4073 | D:4      | Noticed a black bear
  4093 | D:4      | Killed a black bear
  4094 | D:4      | Reached XP level 7. HP: 34/34 MP: 3/15
  4538 | D:5      | Entered Level 5 of the Dungeon
  4586 | D:5      | Found a blossoming altar of Fedhas.
  4587 | D:5      | Found a shadowy altar of Dithmenos.
  4640 | D:5      | Killed from afar by a white imp

Illustrated notes

Levels and vault maps discovered:
D:1:      dpeg_arrival_chambers_temple_mockup, layout_loops_ring,
          amcnicky_mini_corridor_feature, minmay_heptomino_h4
D:2:      layout_loops_corners
D:3:      layout_basic, ebering_ghost_sewer_d, minmay_joined_circles,
          uniq_terence, uniq_ijyb, uniq_natasha
D:4:      layout_loops_corners, serial_shops, shop, gammafunk_ghost_necromancy
D:5:      layout_basic, nicolae_overflow_quartered_altars,
          mainiacjoe_overflow_small_starburst,
          chequers_temple_overflow_statue_of_worship, enter_ossuary_1,
          grunt_ministairs_15, dreamdust_mushroom_princess

Skill      XL: |  1  2  3  4  5  6 |
---------------+-------------------+-----
Stealth        | 2 3 4 6 |  6.4
Spellcasting   | 3 5 |  5.0
Long Blades    | 3 |  3.7
Fighting       | |  1.7
Throwing       | |  0.8
Armour         | |  0.7
Dodging        | |  1.5
Translocations | |  3.0

Action                     |  1- 3 |  4- 6 |  7- 9 || total
---------------------------+-------+-------+-------++-------
  Melee: Falchion          |   116 |    66 |       ||   182
         Bite              |    18 |    52 |    16 ||    86
         Punch             |     2 |     7 |     1 ||    10
         Dagger            |       |   113 |    42 ||   155
         Scimitar          |       |    51 |       ||    51
  Throw: Dart              |       |       |     7 ||     7
   Cast: Blink             |       |     2 |     2 ||     4
         Vhi's Electric Ch |       |     2 |       ||     2
    Use: Scroll            |     1 |       |     4 ||     5
         Potion            |     1 |       |       ||     1
   Stab: Sleeping          |     7 |    13 |       ||    20
 Armour: Leather armour    |    53 |    62 |     8 ||   123
         Skin              |       |     5 |       ||     5
  Dodge: Dodged            |    83 |   173 |    24 ||   280

Table legend: (Time is in decaauts)
 A = Elapsed time spent in this place.
 B = Non-inter-level travel time spent in this place.
 C = Inter-level travel time spent in this place.
 D = Time resting spent in this place.
 E = Time spent auto-exploring this place.
 F = Levels seen in this place.
 G = Mean time per level.
                   A        B        C        D        E       F      G
               +--------+--------+--------+--------+--------+-----+--------+
         Total |   4690 |   4425 |    265 |     23 |   3066 |   5 |  938.0 |
       Dungeon |   4690 |   4425 |    265 |     23 |   3066 |   5 |  938.0 |
               +--------+--------+--------+--------+--------+-----+--------+

Top non-repeatable levels by time:
     D:3: 1331 daAuts
     D:4: 1189 daAuts
     D:2: 1164 daAuts
     D:1: 906 daAuts
     D:5: 98 daAuts
